Zazza, neutral female human Tourist --- ..|---------- -G|......... |@....---- ---..<...| ---....| --.--- -- Zazza the Rambler Experience level: 1 Strength: 9 Dexterity: 14 Constitution: 13 Intelligence: 15 Wisdom: 7 Charisma: 18 Health: 0(10) Energy: 2(2) Def: 1 Gold: 1011 Moves: 976 Dungeon seed: t6kg_NgwWuyF6wIa Game ID: Zazza_1607517201 Your Inventory: Coins $ - 1011 gold pieces Weapons a - 34 blessed +2 darts (in quiver) F - a +0 silver saber (weapon in hand) Armor e - an uncursed +0 Hawaiian shirt (being worn) N - an uncursed +0 orcish helm (being worn) Comestibles c - an uncursed melon d - 3 uncursed food rations f - an uncursed tripe ration g - 2 uncursed lembas wafers h - 3 uncursed cram rations i - an uncursed egg t - an uncursed slime mold K - 2 uncursed slime molds L - an uncursed tripe ration S - an uncursed lichen corpse Scrolls l - an uncursed scroll of magic mapping m - 3 blessed scrolls of magic mapping u - an uncursed scroll of light M - an uncursed scroll of punishment Q - an uncursed scroll of identify Spellbooks v - an uncursed spellbook of remove curse Potions j - a blessed potion of extra healing k - an uncursed potion of extra healing s - a blessed potion of see invisible w - an uncursed potion of hallucination x - an uncursed potion of object detection C - a cursed potion of extra healing E - a potion of holy water P - an uncursed potion of blindness Rings I - a cursed ring of aggravate monster J - an uncursed +2 ring of increase accuracy Wands G - a wand of create monster (0:13) O - a wand of wishing (0:2) Tools n - an expensive camera (0:88) o - an uncursed credit card p - a magic marker (0:64) Gems Y - an uncursed worthless piece of blue glass Spells and supernatural/magical abilities: Name Level Category Fail Memory W - pray for help -- divine ? -- Your skills at the end: Fighting Skills Weapon Skills dart [Basic] Spellcasting Skills Final Attributes: You were nominally aligned. You are dead. Vanquished creatures: 5 jackals 2 goblins 2 sewer rats a grid bug 2 lichens a kobold zombie 2 newts 15 creatures vanquished. Voluntary challenges: You were an atheist. You used a wielded weapon 3 times, starting on turn 437. You were a pacifist. You read items or engraved 1 time, starting on turn 801. You never genocided any monsters. You never polymorphed an object. You never changed form. You used no wishes. You never split a pudding. You never wrote Elbereth's name. You never violated your personal moral code. Dungeon overview: The Dungeons of Doom: levels 1 to 2 Level 1 some fountains a long staircase Level 2 a general store stairs to The Gnomish Mines The Gnomish Mines: Level 3 <- You were here stairs to The Dungeons of Doom History has recorded: On T:1 you entered the Dungeons of Doom to retrieve the Amulet of Yendor! On T:519 you reached level 2 of The Dungeons of Doom. On T:598 you reached level 1 of The Gnomish Mines. Score breakdown: Gold: 273 ( 8292 points) Experience: 1 level ( 0 points) Exploration: 3 levels ( 6.12%) ( 6123 points) Discoveries: 3 items ( 1.01%) ( 3010 points) Valuables value: (no points given unless you survive) Artifact value: 0 ( 0 points) Variety of kills: 7 monsters ( 1.84%) ( 4066 points) Turncount: 976 turns ( 0 points) Survival: died (score multiplied by 80%) Total score: 17192 Latest messages: Armand misses the grid bug. (2x) You hit the grid bug. The grid bug bites! You get zapped! Armand bites the grid bug. The grid bug is killed! Armand misses the jackal. (2x) You miss the jackal. The jackal bites! Armand bites the jackal. The jackal is killed! Armand eats a jackal corpse. You hear someone cursing shoplifters. You displace Armand. There is a staircase up here. You see here a chest. You can't go down here. You displace Armand. There is a staircase up here. You see here a chest. You displace Armand. The gnome lord hits! You miss the gnome lord. The gnome lord hits! You die... Final status: Aloha Zazza the Tourist, killed by a gnome lord... You died in The Gnomish Mines on dungeon level 3 with 17192 points, and 1011 pieces of gold, after 976 moves. You were level 1 with a maximum of 10 hit points when you died.